 Dungeon Crawl Stone Soup version 0.23.2-1-ga50397a (webtiles) character file.

Game seed: 4675015737072083935

251 Fang the Skirmisher (level 6, -8/39 HPs)
             Began as a Gargoyle Berserker on Apr 15, 2019.
             Was a Priest of Trog.
             Killed from afar by Sigmund (10 damage)
             ... with a puff of flame
             ... on level 4 of the Dungeon.
             The game lasted 00:03:15 (3306 turns).

Fang the Skirmisher (Gargoyle Berserker)            Turns: 3306, Time: 00:03:15

Health: -8/39      AC: 13    Str: 23    XL:     6   Next: 13%
Magic:  6/6        EV:  9    Int:  7    God:    Trog [***...]
Gold:   156        SH:  0    Dex:  9    Spells: 5/5 levels left

rFire    . . .     SeeInvis .   a - +0 war axe
rCold    . . .     Gourm    .   (no shield)
rNeg     + . .     Faith    .   b - +0 chain mail (curse)
rPois    ∞         Spirit   .   (no helmet)
rElec    +         Reflect  .   (no cloak)
rCorr    .         Harm     .   (no gloves)
MR       .....                  (no boots)
Stlth    ..........             (no amulet)
HPRegen  0.13/turn              (no ring)
MPRegen  0.10/turn              (no ring)

@: no status effects
A: negative energy resistance 1, electricity resistance, unbreathing,
petrification resistance, rot immunity, AC +4
a: Berserk, Trog's Hand, Renounce Religion


You were on level 4 of the Dungeon.
You worshipped Trog.
Trog was most pleased with you.
You were hungry.

You visited 1 branch of the dungeon, and saw 4 of its levels.

You collected 156 gold pieces.

Inventory:

Hand Weapons
 a - a +0 war axe (weapon)
Armour
 b - a cursed +0 chain mail (worn)
Scrolls
 d - a scroll of fog {unknown}
 g - 2 scrolls of amnesia {unknown}
 h - 5 scrolls of remove curse {unknown}
 j - a scroll of identify {unknown}
 k - 2 scrolls of fear {unknown}
 m - 4 scrolls of magic mapping {unknown}
 q - a scroll of teleportation {unknown}
 r - a scroll of blinking {unknown}
Potions
 e - 3 potions of curing {unknown}
 f - 2 potions of heal wounds {unknown}
 i - a potion of cancellation {unknown}
 l - a potion of brilliance {unknown}
 n - a potion of mutation {unknown}
 o - a potion of haste {unknown}
 s - a potion of might {unknown}
 t - a potion of degeneration {unknown}
Comestibles
 c - 2 rations
 p - 3 chunks of flesh


   Skills:
 + Level 4.5 Fighting
 + Level 3.8 Axes
 + Level 4.0 Armour
 + Level 2.8 Dodging


You had 5 spell levels left.
You didn't know any spells.
Your spell library was empty.

Dungeon Overview and Level Annotations

Branches:
Dungeon (4/15)
 Temple: D:4-7

Altars:

Annotations:
D:4 Sigmund


Innate Abilities, Weirdness & Mutations

You are resistant to torment.
Your stone body is resilient. (AC +4)
You are immune to poison.
You resist negative energy. (rN+)
You are resistant to electric shocks. (rElec)
You can survive without breathing.
You are immune to petrification.
You are immune to rotting.


Message History

You miss something.
You hear some strange, mumbled words.
A magic dart appears from out of thin air!
The magic dart hits you. Something hits you.
* * * LOW HITPOINT WARNING * * *
You closely miss something. You closely miss something.
Something hits you but does no damage.
You barely miss something.
You hear some strange, mumbled words.
You are confused.
Something hits you!
* * * LOW HITPOINT WARNING * * *
Something hits you but does no damage. Something hits you but does no damage.
You closely miss something.
You feel less confused.
You hear some strange, mumbled words.
A puff of flame appears from out of thin air!
The puff of flame hits you!
You die...

#..# ## #..# #
.#####..#
........# ##
........## ###.#
......($.##....#
#..............#
#..#...........#
.###.....@.....#
#....{.........
#..............
#..............
#.........$....
#........###..%
#........# ##.
#.......##
.......##


There were no monsters in sight!

Vanquished Creatures
  A centaur skeleton (D:4)
  3 gnolls (D:4)
  6 adders
  3 oozes
  A worm (D:3)
  2 dart slugs
  2 leopard geckos
  8 orcs (D:3)
  4 giant cockroaches
  6 goblins
  8 hobgoblins
  21 jackals
  10 kobolds
  3 quokkas (D:2)
  10 bats
  5 frilled lizards
  A leopard gecko skeleton (D:4)
  12 rats
106 creatures vanquished.

Notes
Turn   | Place    | Note
-------+----------+-------------------------------------------
     0 | D:1      | Fang the Gargoyle Berserker began the quest for the Orb.
     0 | D:1      | Reached XP level 1. HP: 14/14 MP: 1/1
    49 | D:1      | Reached XP level 2. HP: 8/19 MP: 2/2
   329 | D:1      | Reached XP level 3. HP: 22/23 MP: 3/3
   425 | D:1      | Reached ** piety under Trog
  1130 | D:2      | Reached XP level 4. HP: 15/29 MP: 4/4
  2022 | D:2      | Reached XP level 5. HP: 6/33 MP: 5/5
  2311 | D:3      | Reached *** piety under Trog
  3162 | D:4      | Reached XP level 6. HP: 39/39 MP: 6/6
  3275 | D:4      | Noticed Sigmund
  3302 | D:4      | HP: 1/39 [something (10)]
  3306 | D:4      | Killed from afar by Sigmund

Skill      XL: |  1  2  3  4  5 |
---------------+----------------+-----
Axes           | 3 |  3.8
Dodging        | 2 |  2.8
Armour         | 3 4 |  4.0
Fighting       | 4 |  4.5

Action                   |  1- 3 |  4- 6 || total
-------------------------+-------+-------++-------
Melee: Hand axe          |   102 |    55 ||   157
       War axe           |       |   143 ||   143
Invok: Berserk           |     1 |     3 ||     4
  Eat: Chunk             |     2 |     6 ||     8
       Ration            |       |     1 ||     1
Armor: Animal skin       |    70 |    58 ||   128
       Chain mail        |       |    69 ||    69
Dodge: Dodged            |   135 |   178 ||   313
